Map: [ESL] Gresvan

Players

AqueroN - Winner!

  • Race: Terran Terran
  • Spawn Location: 5:00

DnS

  • Race: Protoss Protoss
  • Spawn Location: 11:00

Event: ESL SC2 Masters 2023 Summer (Regionals)

VOD

Have the link to the VOD?

Description

Time

  • Played on: May 6, 2023, 9:52 a.m.
  • Length: 9:01

All games in this series

Show
View Real Time Build Order
Export as new Build Order

AqueroN Terran - Winner!

Build Orders:  

Get SALT Encoding   

  12  0:00  SCV  
  13  0:12  SCV  
  14  0:17  Supply Depot  
  14  0:24  SCV  
  15  0:38  Barracks, SCV  
  16  0:45  Refinery  
  16  0:50  SCV  
  16  0:54  Refinery  
  17  1:02  SCV  
  18  1:15  SCV  
  19  1:28  Orbital Command  
  19  1:31  Reaper  
  20  1:38  Supply Depot  
  20  1:45  Factory  
  20  1:54  SCV  
  21  2:03  Reaper  
  21  2:06  SCV  
  23  2:18  SCV  
  23  2:21  Command Center  
  26  2:30  Hellion, SCV  
  27  2:40  Supply Depot  
  27  2:42  SCV  
  28  2:51  Barracks Reactor  
  28  2:52  Barracks  
  28  2:54  Factory Tech Lab  
  28  2:56  SCV  
  29  3:08  SCV  
  29  3:10  Barracks  
  30  3:13  Cyclone  
  33  3:20  SCV  
  32  3:27  Marine x2  
  32  3:32  SCV  
  32  3:33  Orbital Command  
  34  3:41  Barracks Tech Lab  
  34  3:44  SCV  
  34  3:45  Marine x2  
  37  3:50  Siege Tank  
  40  3:59  SCV  
  40  4:00  SCV, Barracks Tech Lab  
  42  4:02  Stimpack  
  42  4:06  Marine  
  42  4:07  Marine  
  44  4:10  Marine  
  44  4:12  SCV  
  44  4:16  Supply Depot  
  46  4:20  Marine  
  46  4:24  Marine  
  43  4:28  SCV  
  43  4:29  SCV  
  43  4:30  Marine x2  
  43  4:31  Combat Shield  
  48  4:38  Siege Tank  
  48  4:42  Marine x2  
  53  4:48  Marine x2  
  53  4:49  Supply Depot  
  53  4:50  SCV  
  56  4:53  SCV  
  57  5:00  Marine, Marauder  
  57  5:02  Supply Depot  
  57  5:06  Marine  
  61  5:09  Supply Depot  
  61  5:11  Marauder  
  64  5:14  SCV x2  
  64  5:17  Siege Tank  
  64  5:19  Marine  
  69  5:23  Supply Depot  
  69  5:26  Marauder  
  69  5:27  Marine  
  72  5:31  SCV x2  
  72  5:35  Marauder  
  76  5:41  Starport  
  76  5:42  Concussive Shells  
  76  5:44  Marine  
  76  5:45  Marine  
  76  5:49  SCV  
  80  5:50  SCV  
  80  5:55  Marauder  
  82  6:02  SCV x2, Marine  
  85  6:06  Marine x2  
  87  6:13  Barracks  
  87  6:14  Barracks, SCV x2  
  87  6:17  Marauder  
  87  6:18  Factory Reactor  
  90  6:26  Marine x3  
  90  6:28  Starport Reactor  
  93  6:37  Supply Depot  
  93  6:38  Supply Depot x2  
  93  6:39  Marine, Supply Depot  
  94  6:44  Marine  
  93  6:52  Marine  
  94  6:59  Widow Mine x2, Engineering Bay, SCV x2, Marine  
  101  7:07  Marine x2  
  103  7:09  Marine  
  103  7:10  Marine x2  
  106  7:16  Medivac x2  
  110  7:24  Marine  
  110  7:25  Marine  
  110  7:26  Widow Mine x2  
  116  7:32  Supply Depot  
  116  7:35  Missile Turret  
  116  7:43  Marine x2  
  116  7:44  Marine x2  
  117  7:45  Marine  
  117  7:46  Marine  
  119  7:53  Medivac x2  
  119  7:55  Widow Mine  
  125  8:05  Marine x2  
  125  8:06  Marine x4  
  125  8:11  Widow Mine  
  133  8:17  Supply Depot  
  133  8:18  Supply Depot  
  130  8:23  Marine x3  
  130  8:24  Marine  
  129  8:35  Marine  
  129  8:36  Marine  
  118  8:55  Missile Turret  
Show
View Real Time Build Order
Export as new Build Order

DnS Protoss 

Build Orders: 1 Gate Expand, Phoenix Opening 

Get SALT Encoding   

  12  0:00  Probe  
  13  0:12  Probe  
  14  0:17  Pylon  
  14  0:24  Probe (Chrono Boost)  
  15  0:36  Probe (Chrono Boost), Gateway  
  16  0:44  Probe (Chrono Boost)  
  16  0:45  Assimilator  
  17  0:50  Probe  
  18  1:03  Probe  
  19  1:15  Probe  
  20  1:22  Nexus  
  20  1:32  Cybernetics Core  
  20  1:39  Zealot  
  22  1:45  Pylon  
  22  1:51  Probe  
  22  1:56  Assimilator  
  22  2:04  Probe  
  22  2:06  Adept (Chrono Boost)  
  25  2:16  Probe  
  26  2:28  Probe  
  26  2:29  Stargate  
  27  2:32  Adept  
  29  2:39  Probe  
  29  2:40  Probe  
  29  2:41  Warp Gate  
  31  2:51  Probe, Shield Battery  
  31  2:53  Probe  
  33  3:03  Probe  
  34  3:06  Adept  
  34  3:07  Probe  
  34  3:11  Phoenix (Chrono Boost)  
  39  3:18  Probe (Chrono Boost)  
  38  3:21  Probe (Chrono Boost)  
  39  3:30  Probe (Chrono Boost)  
  39  3:31  Phoenix  
  39  3:32  Probe (Chrono Boost)  
  43  3:37  Probe (Chrono Boost)  
  43  3:38  Probe (Chrono Boost)  
  45  3:44  Probe  
  46  3:50  Probe  
  46  3:54  Pylon  
  45  3:56  Probe  
  46  4:08  Nexus  
  46  4:12  Phoenix, Probe, Pylon  
  46  4:15  Probe  
  50  4:24  Probe  
  50  4:27  Probe  
  50  4:33  Adept  
  50  4:34  Gateway x2  
  50  4:36  Probe  
  53  4:39  Probe, Phoenix (Chrono Boost)  
  56  4:47  Shield Battery  
  56  4:49  Probe  
  56  4:51  Probe, Pylon  
  58  4:55  Assimilator  
  58  4:57  Assimilator  
  58  5:03  Twilight Council  
  58  5:04  Forge  
  58  5:06  Probe  
  59  5:07  Probe  
  59  5:12  Phoenix (Chrono Boost)  
  62  5:16  Adept  
  64  5:27  Stalker  
  66  5:29  Stalker  
  66  5:32  Shield Battery  
  66  5:34  Phoenix, Charge (Chrono Boost)  
  70  5:36  Adept  
  72  5:45  Probe  
  72  5:46  Gateway  
  72  5:47  Pylon  
  72  5:49  Probe  
  74  5:50  Probe  
  74  5:55  Protoss Ground Armor Level 1 (Chrono Boost)  
  75  6:02  Zealot x3  
  81  6:08  Phoenix  
  83  6:24  Pylon x2, Zealot x3  
  87  6:32  Phoenix  
  87  6:34  Dark Shrine  
  89  6:40  Shield Battery  
  87  6:47  Zealot x4  
  95  6:57  Phoenix  
  95  7:06  Pylon  
  95  7:07  Pylon x2  
  91  7:19  Pylon  
  91  7:21  Pylon  
  91  7:23  Pylon  
  91  7:30  Nexus  
  91  7:32  Probe x2  
  91  7:33  Templar Archives  
  93  7:44  Zealot x4  
  93  7:47  Pylon  
  101  7:54  Gateway  
  101  7:55  Pylon, Gateway  
  101  8:00  Pylon  
  99  8:06  Dark Templar  
  99  8:10  High Templar x2  
  99  8:11  Zealot  
  107  8:14  Archon  
  107  8:18  Phoenix  
  101  8:35  Dark Templar  
  101  8:40  Zealot  
  102  8:43  Dark Templar x2  
  100  8:52  Zealot x2  
Tags
 
Add a new tag
Caveats
  • Supply blocks, unpowered buildings, or Contaminate may cause inaccurate times.
  • Supply counts are checked every 10 seconds.